Map: Cerulean Fall LE

Players

DnS

  • Race: Protoss Protoss
  • League: Grandmaster
  • Spawn Location: 1:00

Elazer - Winner!

  • Race: Zerg Zerg
  • Spawn Location: 7:00

Event: IEM Season 13 - Katowice Server Qualifiers Europe

VOD

Have the link to the VOD?

Description

Time

  • Played on: Jan. 8, 2019, 10:28 a.m.
  • Length: 14:21

All games in this series

Show
View Real Time Build Order
Export as new Build Order

DnS Protoss 

Build Orders: 1 Gate Expand, Oracle Opening, Phoenix Opening, Archon Immortal, Archon Drop 

Get SALT Encoding   

  12  0:00  Probe  
  13  0:12  Probe  
  14  0:19  Pylon  
  14  0:24  Probe  
  15  0:33  Probe  
  15  0:41  Gateway, Probe  
  16  0:47  Assimilator  
  17  0:51  Probe  
  18  1:04  Probe  
  19  1:16  Probe  
  20  1:24  Nexus  
  20  1:36  Cybernetics Core  
  20  1:38  Probe  
  21  1:46  Assimilator  
  21  1:50  Probe  
  22  1:54  Pylon  
  22  2:02  Probe  
  22  2:03  Adept  
  23  2:15  Probe  
  26  2:19  Stargate  
  26  2:25  Probe  
  26  2:27  Warp Gate  
  27  2:32  Adept  
  27  2:33  Probe  
  27  2:34  Probe  
  29  2:41  Probe  
  29  2:42  Probe  
  33  2:52  Probe  
  33  2:53  Probe  
  33  2:56  Phoenix  
  35  3:04  Probe  
  38  3:06  Probe  
  39  3:13  Pylon  
  39  3:16  Probe  
  39  3:18  Probe  
  41  3:20  Oracle  
  41  3:23  Assimilator  
  41  3:26  Assimilator  
  44  3:29  Probe  
  44  3:30  Probe  
  46  3:35  Gateway  
  47  3:41  Probe  
  47  3:42  Probe  
  47  3:48  Robotics Facility  
  48  3:53  Probe  
  48  3:54  Probe, Pylon  
  50  4:04  Twilight Council  
  50  4:05  Probe  
  50  4:07  Probe  
  52  4:13  Pylon  
  52  4:17  Probe  
  52  4:22  Gateway  
  52  4:24  Charge, Gateway, Warp Prism  
  53  4:34  Zealot  
  53  4:37  Zealot  
  59  4:48  Templar Archives  
  59  4:53  Gateway  
  59  4:55  Gateway  
  59  4:58  Probe  
  60  5:07  Zealot  
  60  5:08  Zealot  
  60  5:10  Pylon  
  64  5:21  Nexus  
  64  5:32  High Templar x4  
  71  5:36  Archon x2  
  71  5:44  Probe x2  
  71  5:45  Pylon  
  71  5:48  Pylon  
  73  6:05  Probe x2  
  73  6:06  Pylon  
  73  6:08  Immortal  
  73  6:09  Zealot x6  
  79  6:25  Robotics Facility  
  77  6:36  Probe  
  77  6:39  Zealot x3  
  82  6:40  Zealot x3  
  82  6:43  Immortal  
  78  6:58  Probe  
  78  6:59  Probe  
  78  7:01  Sentry x4, Probe  
  79  7:03  Immortal  
  79  7:04  Pylon  
  85  7:10  Probe  
  85  7:11  Probe  
  91  7:17  Probe  
  91  7:20  Immortal  
  92  7:26  Probe  
  92  7:27  Probe, Forge  
  92  7:29  Probe  
  99  7:32  Immortal  
  99  7:40  Probe  
  104  7:45  Assimilator  
  104  7:47  Psionic Storm  
  104  7:48  Pylon  
  104  7:49  Assimilator  
  104  7:53  Immortal  
  104  7:54  Protoss Ground Weapons Level 1  
  104  7:56  Probe x2  
  104  7:57  Probe  
  111  8:08  Probe x2  
  111  8:11  Probe  
  114  8:23  Gateway  
  114  8:24  Immortal  
  114  8:25  Gateway, High Templar x3  
  114  8:26  High Templar  
  126  8:33  Pylon  
  126  8:34  Pylon  
  124  8:44  Immortal  
  128  8:49  High Templar  
  128  8:52  Pylon  
  128  8:53  Pylon  
  130  8:58  Zealot x4  
  138  9:04  Immortal  
  142  9:13  Pylon  
  142  9:18  Nexus  
  142  9:20  Stalker  
  142  9:22  Photon Cannon  
  142  9:23  Shield Battery  
  142  9:24  Zealot x3  
  150  9:35  Immortal  
  154  9:43  Protoss Ground Weapons Level 2  
  154  9:44  Zealot x2  
  154  9:45  Zealot  
  159  9:46  Zealot x2  
  159  9:52  Immortal  
  162  9:55  Probe x2  
  162  9:56  Probe  
  159  10:14  Observer, Zealot x3  
  159  10:15  Zealot x3  
  166  10:24  Pylon  
  166  10:25  Pylon  
  166  10:26  Pylon  
  154  10:31  Observer  
  143  10:36  Immortal  
  143  10:39  Zealot x2  
  143  10:40  Zealot x5  
  159  10:56  Probe x2  
  159  10:57  Probe  
  161  11:08  Zealot x8  
  159  11:28  High Templar x2  
  159  11:29  High Templar x2  
  159  11:31  High Templar x3  
  159  11:32  Archon, High Templar  
  171  11:33  Archon  
  171  11:34  Nexus  
  171  11:35  Archon x2  
  171  11:37  Pylon  
  171  11:43  Pylon  
  162  12:01  High Templar x2  
  162  12:02  High Templar x2  
  162  12:06  Archon x2  
  162  12:07  Fleet Beacon  
  166  12:09  Zealot x4  
  166  12:10  Stargate  
  146  12:40  High Templar x2, Tempest  
  146  12:41  Nexus, High Templar, Tempest  
  146  12:42  Probe x3  
  147  12:58  High Templar x2  
  151  13:06  Pylon  
  151  13:07  Zealot x3  
  157  13:15  Tempest  
  157  13:17  Tempest  
  155  13:27  Zealot x6  
  135  13:53  Zealot  
  135  13:54  Zealot x3  
  117  13:58  Archon  
Show
View Real Time Build Order
Export as new Build Order

Elazer Zerg - Winner!

Build Orders: Hatch First, Brood Lord Corruptor 

Get SALT Encoding   

  12  0:00  Drone  
  13  0:12  Overlord  
  13  0:17  Drone  
  14  0:31  Drone x2  
  16  0:49  Hatchery  
  15  0:51  Drone  
  15  0:55  Drone  
  17  0:58  Drone  
  18  1:08  Extractor  
  17  1:13  Spawning Pool  
  17  1:17  Drone  
  17  1:20  Drone  
  18  1:28  Drone  
  19  1:39  Drone  
  20  1:50  Drone  
  21  2:00  Overlord  
  21  2:01  Queen x2  
  21  2:02  Zergling x2  
  26  2:12  Zergling x2, Drone  
  28  2:23  Drone x2  
  30  2:33  Zergling x2  
  30  2:34  Hatchery  
  30  2:35  Drone  
  31  2:43  Queen  
  33  2:47  Overlord  
  33  2:50  Drone  
  34  2:55  Drone  
  34  2:58  Drone  
  36  3:06  Drone  
  36  3:07  Drone  
  36  3:09  Drone x2  
  36  3:10  Drone x3  
  43  3:20  Queen, Extractor  
  43  3:22  Overlord  
  43  3:25  Overlord  
  45  3:35  Overlord  
  45  3:41  Drone x4  
  49  3:47  Drone x3  
  52  3:50  Spore Crawler  
  52  3:51  Spore Crawler  
  52  3:52  Drone x4  
  54  3:56  Drone  
  54  4:00  Spore Crawler  
  54  4:03  Queen  
  54  4:08  Roach Warren  
  55  4:10  Drone  
  55  4:15  Drone x3  
  55  4:16  Drone  
  60  4:20  Extractor  
  60  4:21  Extractor  
  58  4:27  Overlord  
  58  4:28  Drone x4  
  60  4:34  Drone x3  
  63  4:41  Overlord  
  63  4:43  Drone  
  63  4:44  Drone x2  
  66  4:48  Queen  
  66  4:50  Overlord  
  66  4:52  Roach x2  
  72  4:57  Roach  
  74  5:01  Lair  
  74  5:05  Overlord  
  73  5:16  Roach x4  
  81  5:25  Roach x4  
  81  5:26  Overlord  
  89  5:29  Extractor x2  
  89  5:31  Extractor, Evolution Chamber  
  89  5:33  Roach x2  
  88  5:36  Pneumatized Carapace  
  88  5:37  Overlord  
  88  5:38  Drone x2  
  89  5:44  Drone x6  
  89  5:46  Drone  
  96  5:50  Drone  
  96  5:56  Drone x2  
  99  5:58  Zerg Missile Weapons Level 1  
  99  5:59  Hydralisk Den, Drone x5  
  103  6:05  Roach  
  103  6:07  Overlord  
  105  6:13  Roach  
  97  6:20  Roach x4  
  97  6:25  Roach  
  99  6:35  Roach x7  
  99  6:37  Overlord x2  
  102  6:48  Queen  
  102  6:51  Drone x4  
  102  6:53  Drone  
  97  6:58  Drone x6  
  103  7:02  Drone  
  103  7:03  Drone  
  103  7:05  Drone  
  106  7:11  Drone  
  106  7:13  Drone  
  106  7:14  Drone x2  
  110  7:20  Drone x2  
  110  7:22  Overlord  
  112  7:35  Hatchery, Overseer  
  112  7:36  Muscular Augments, Hydralisk  
  112  7:37  Hydralisk x3  
  119  7:47  Hydralisk x4  
  127  7:59  Overlord, Zerg Missile Weapons Level 2  
  127  8:02  Drone x2  
  127  8:04  Overlord x2  
  129  8:17  Hydralisk x4  
  137  8:23  Infestation Pit  
  136  8:27  Overlord  
  136  8:30  Drone x9  
  145  8:38  Overlord  
  145  8:39  Glial Reconstitution  
  145  8:47  Drone x6  
  151  8:52  Overlord  
  151  8:55  Hydralisk x5  
  153  8:56  Extractor  
  153  9:00  Extractor  
  153  9:02  Overlord  
  159  9:08  Hive  
  159  9:11  Overlord, Spire  
  159  9:13  Grooved Spines  
  159  9:14  Hydralisk x2  
  162  9:24  Hydralisk x5  
  172  9:33  Overlord  
  170  9:38  Hydralisk  
  170  9:39  Hydralisk x6  
  180  9:52  Hydralisk x4  
  178  9:58  Hatchery, Hydralisk x2  
  183  10:11  Hydralisk  
  183  10:12  Hydralisk x6  
  187  10:33  Hydralisk x10  
  199  10:37  Greater Spire  
  199  10:38  Zerg Missile Weapons Level 3  
  199  10:49  Spine Crawler  
  198  10:50  Spine Crawler  
  198  10:51  Spine Crawler  
  198  10:55  Overlord, Corruptor  
  180  11:17  Corruptor x2  
  180  11:18  Corruptor x4  
  176  11:23  Drone x4  
  176  11:24  Drone x5  
  191  11:28  Corruptor x2  
  195  11:34  Extractor  
  195  11:38  Extractor  
  161  11:56  Brood Lord x6  
  167  12:05  Brood Lord  
  169  12:09  Hydralisk x5  
  161  12:32  Hydralisk  
  161  12:33  Hydralisk x11  
  173  12:39  Metabolic Boost  
  173  12:40  Zergling x32  
  189  12:45  Overlord  
  185  13:01  Infestor, Corruptor x2  
  185  13:02  Corruptor x2  
  195  13:19  Corruptor x2  
  196  13:36  Corruptor x2  
  196  13:37  Corruptor  
  191  13:47  Corruptor x5  
  182  13:51  Hydralisk x2  
  182  13:53  Zergling x4  
  182  13:54  Zergling x12  

Tags
 
Add a new tag
Caveats
  • Supply blocks, unpowered buildings, or Contaminate may cause inaccurate times.
  • Supply counts are checked every 10 seconds.